 Dungeon Crawl Stone Soup version 0.26.1-11-gd32895ea62 (webtiles) character file.

Game seed: 8854302187562084947

873 epicjoe the Chopper (level 7, 0/62 HPs)
             Began as a Minotaur Berserker on Apr 22, 2021.
             Was a Priest of Trog.
             Succumbed to an orc wizard's poison
             ... on level 5 of the Dungeon on Apr 23, 2021.
             The game lasted 00:57:25 (4692 turns).

epicjoe the Chopper (Minotaur Berserker)            Turns: 4692, Time: 00:57:28

Health: 0/62       AC: 13    Str: 21    XL:     7   Next: 74%
Magic:  6/6        EV:  3    Int:  5    God:    Trog [***...]
Gold:   152        SH: 19    Dex: 11    Spells: 6/6 levels left

rFire    . . .     SeeInvis .   a - +0 hand axe
rCold    . . .     Faith    .   r - +0 tower shield
rNeg     . . .     Spirit   .   A - +0 plate armour
rPois    .         Reflect  +   (helmet restricted)
rElec    .         Harm     .   n - scarf {+Inv}
rCorr    .         Rampage  .   h - +0 pair of gloves
Will     .....                  (no boots)
Stlth    ..........             l - amulet of reflection
HPRegen  0.20/turn              (no ring)
MPRegen  0.10/turn              (no ring)

@: lethally poisoned (0 -> -12), berserk cooldown, slowed, very slow
A: retaliatory headbutt, horns 2, agile 1, weak 1, subdued magic 1, MP-powered
wands
a: Renounce Religion, Evoke Invisibility, Berserk, Trog's Hand


You were on level 5 of the Dungeon.
You worshipped Trog.
Trog was most pleased with you.
You visited 1 branch of the dungeon, and saw 5 of its levels.

You collected 152 gold pieces.

Inventory:

Hand Weapons
 a - a +0 hand axe (weapon)
 e - a +0 spear
 k - a +0 shortbow
 u - a +2 quarterstaff of chaos
 B - a +0 scythe
Missiles
 f - 36 bolts
 i - 13 poisoned darts (quivered)
 j - 121 stones
 v - 27 arrows
 x - 2 boomerangs
Armour
 b - a +0 animal skin
 g - a +0 helmet
 h - a +0 pair of gloves (worn)
 n - a scarf of invisibility (worn)
 q - a +0 cloak
 r - a +0 tower shield (worn)
 s - a +0 ring mail
 t - a +0 chain mail
 A - a +0 plate armour (worn)
Jewellery
 l - an amulet of reflection (around neck)
 o - an uncursed amulet of regeneration {unknown}
Scrolls
 c - 2 scrolls of teleportation {unknown}
 d - a scroll of amnesia {unknown}
 p - 3 scrolls of identify {unknown}
 w - 2 scrolls of immolation {unknown}
 y - a scroll of blinking {unknown}
 C - a scroll of fear {unknown}
 D - a scroll of magic mapping {unknown}
Potions
 z - a potion of attraction {unknown}
 E - a potion of flight {unknown}


   Skills:
 + Level 5.7 Fighting
 + Level 5.8 Axes
 + Level 5.1 Armour
 + Level 4.4 Dodging
 + Level 3.7 Shields
 + Level 2.5 Evocations


You had 6 spell levels left.
You didn't know any spells.
Your spell library was empty.

Dungeon Overview and Level Annotations

Branches:
Dungeon (5/15)
 Temple: D:4-7

Altars:
Dithmenos
Elyvilon
Fedhas
Gozag
Hepliaklqana
Makhleb
Nemelex Xobeh
Vehumet
The Shining One

Annotations:
D:5 Eustachio


Innate Abilities, Weirdness & Mutations

You reflexively headbutt those who attack you in melee.
You have a pair of horns on your head.
You are agile. (Dex +2)
You are weak. (Str -2)
Your spells are a little easier to cast, but a little less powerful.
You expend magic power (3 MP) to strengthen your wands.


Message History

The gnoll hits you with a +1 vorpal halberd!
* * * LOW HITPOINT WARNING * * *
x2 You closely miss the gnoll.
Your headbutt misses the gnoll.
The gnoll is severely wounded.
You feel sick.
You barely miss the gnoll. Your headbutt misses the gnoll.
The gnoll is severely wounded.
You feel sick. You block the gnoll's attack.
You closely miss the gnoll.
The gnoll is severely wounded.
Your skin stops crawling.
You feel less strong-willed.
* * * LOW HITPOINT WARNING * * *
You feel sick.
You slash the gnoll!
You kill the gnoll!
Trog accepts your kill.
You are no longer berserk.
You are exhausted.
You feel yourself slow down.
You die...

#...# ######...###
..#......># #.#.##.##.#
##.#....##.#####
.....$......?..#
#.#.....#.###ยง#
.##.##.#))...r.# #.#
........@#......##@#####
###.##.#)###.##........#
#.#.# #........##.#
#.... .#####....#.#
###.... #.#.##.# #....
#......# ...<.. ###(####
#...... #.# ....... #.#


You could see a rat (summoned).

Vanquished Creatures
  Sigmund (D:3)
  An ogre (D:5)
  A centaur (D:5)
  A bullfrog (D:4)
  A howler monkey (D:5)
  A bullfrog skeleton (D:5)
  Crazy Yiuf (D:2)
  2 iguanas
  Terence (D:3)
  An orc wizard (D:5)
  3 worker ants
  8 gnolls
  6 adders
  A white imp (D:5)
  An adder zombie (D:5)
  3 worms
  A dart slug (D:3)
  2 leopard geckos (D:1)
  17 orcs
  A ball python (D:2)
  2 giant cockroaches
  3 hobgoblins
  3 jackals (D:3)
  3 kobolds
  4 quokkas
  7 bats
  5 frilled lizards
  3 goblins
  4 rats
88 creatures vanquished.

Notes
Turn   | Place    | Note
-------+----------+-------------------------------------------
     0 | D:1      | epicjoe the Minotaur Berserker began the quest for the Orb.
     0 | D:1      | Reached XP level 1. HP: 19/19 MP: 0/0
   147 | D:1      | You fall into a shaft and drop 1 floor!
   299 | D:2      | Reached XP level 2. HP: 26/27 MP: 1/1
  1171 | D:3      | Reached XP level 3. HP: 33/33 MP: 2/2
  1947 | D:2      | Found a radiant altar of Vehumet.
  1952 | D:2      | Found a glowing golden altar of the Shining One.
  1952 | D:2      | Found an opulent altar of Gozag.
  1952 | D:2      | Found a white marble altar of Elyvilon.
  1953 | D:2      | Found a sparkling altar of Nemelex Xobeh.
  1954 | D:2      | Found a burning altar of Makhleb.
  1955 | D:2      | Found a blossoming altar of Fedhas.
  1957 | D:2      | Found a hazy altar of Hepliaklqana.
  2171 | D:2      | Found a runed translucent door.
  2172 | D:2      | Noticed Crazy Yiuf
  2182 | D:2      | Killed Crazy Yiuf
  2183 | D:2      | Reached XP level 4. HP: 33/41 MP: 3/3
  2658 | D:2      | Reached skill level 1 in Shields
  2848 | D:3      | Reached ** piety under Trog
  2900 | D:3      | Reached XP level 5. HP: 33/47 MP: 4/4
  3328 | D:3      | Noticed Sigmund
  3460 | D:3      | Reached skill level 1 in Evocations
  3503 | D:3      | Found a shadowy altar of Dithmenos.
  3517 | D:3      | Noticed Terence
  3548 | D:3      | Killed Terence
  3971 | D:3      | Killed Sigmund
  3972 | D:3      | Reached skill level 5 in Fighting
  3972 | D:3      | Reached skill level 5 in Axes
  3972 | D:3      | Reached XP level 6. HP: 51/56 MP: 5/5
  4376 | D:4      | Reached XP level 7. HP: 61/61 MP: 6/6
  4522 | D:4      | You fall into a shaft and drop 1 floor!
  4522 | D:5      | Entered Level 5 of the Dungeon
  4581 | D:5      | Noticed Eustachio
  4619 | D:5      | Gained mutation: Your spells are a little easier to cast,
                  | but a little less powerful. [potion of mutation]
  4619 | D:5      | Gained mutation: You expend magic power (3 MP) to
                  | strengthen your wands. [potion of mutation]
  4619 | D:5      | Gained mutation: You are weak. (Str -2) [potion of
                  | mutation]
  4619 | D:5      | Gained mutation: You are agile. (Dex +2) [potion of
                  | mutation]
  4670 | D:5      | Reached skill level 5 in Armour
  4680 | D:5      | Reached *** piety under Trog
  4688 | D:5      | HP: 4/93 [gnoll/+1 vorpal halberd (7)]
  4691 | D:5      | HP: 1/93 [poisoned by an orc wizard]
  4692 | D:5      | Succumbed to an orc wizard's poison

Illustrated notes

Levels and vault maps discovered:
D:1:      minmay_arrival_four_houses, layout_basic, minmay_pentomino_w2
D:2:      layout_loops_ring, minitemple, due_unseen_surprise,
          uniq_crazy_yiuf_cottage
D:3:      layout_rooms, nicolae_dithmenos_shadow_blocks, uniq_sigmund,
          uniq_terence
D:4:      layout_cave_pools, chequers_decorated_corner, cheibrodos_gnoll_hut
D:5:      layout_loops_cross, uniq_duvessa, uniq_eustachio

Skill      XL: |  1  2  3  4  5  6  7 |
---------------+----------------------+-----
Fighting       | 4 5 |  5.7
Axes           | 4 5 |  5.8
Armour         | 3 4 5 |  5.1
Dodging        | 3 4 |  4.4
Shields        | 1 2 3 |  3.7
Evocations     | 1 2 |  2.5

Action                   |  1- 3 |  4- 6 |  7- 9 || total
-------------------------+-------+-------+-------++-------
Melee: Hand axe          |    73 |   139 |    62 ||   274
       Headbutt          |     9 |    30 |     8 ||    47
Throw: Dart              |       |     5 |     5 ||    10
Invok: Berserk           |     1 |       |     1 ||     2
       Trog's Hand       |       |       |     1 ||     1
  Use: Potion            |       |       |     2 ||     2
 Stab: Sleeping          |     1 |       |       ||     1
Armor: Animal skin       |    17 |       |       ||    17
       Chain mail        |     1 |    37 |       ||    38
       Plate armour      |       |    14 |    42 ||    56
Dodge: Dodged            |    44 |    20 |     8 ||    72
Block: Other             |     8 |       |       ||     8
       Tower shield      |    15 |   119 |    79 ||   213
       Reflection        |     1 |    10 |     6 ||    17
